Map: Ulrena

Players

Han

  • Race: Terran Terran
  • League: Master

ILLBdA - Winner!

  • Race: Protoss Protoss
  • League: Platinum

VOD

Have the link to the VOD?

Description

Time

  • Played on: Dec. 14, 2015, 2:17 a.m.
  • Length: 20:21
Show
View Real Time Build Order
Export as new Build Order

Han Terran 

Build Orders: 1/1/1 

Get SALT Encoding   

  12  0:00  SCV  
  13  0:12  SCV  
  14  0:17  Supply Depot  
  14  0:25  SCV  
  15  0:29  Refinery  
  15  0:39  SCV  
  16  0:45  Barracks  
  16  0:51  SCV  
  17  0:57  Refinery  
  17  1:03  SCV  
  18  1:15  SCV  
  19  1:31  Orbital Command  
  19  1:34  Factory  
  19  1:37  Barracks Reactor  
  19  1:54  Supply Depot  
  19  1:58  SCV  
  20  2:10  SCV  
  20  2:14  Marine x2  
  23  2:21  Starport  
  23  2:22  SCV  
  24  2:28  Hellion  
  25  2:37  Marine  
  20  2:45  Bunker  
  20  2:57  Widow Mine  
  20  3:02  Marine  
  20  3:03  Marine  
  20  3:20  Marine  
  20  3:23  SCV  
  19  3:38  Factory Tech Lab, Bunker  
  19  3:52  Marine  
  20  3:59  Siege Tank  
  23  4:14  Supply Depot  
  23  4:28  Starport  
  23  4:35  Marine x2  
  23  4:36  SCV  
  24  4:48  SCV  
  24  4:50  Supply Depot  
  25  4:55  Liberator  
  26  5:00  SCV  
  26  5:08  Starport Reactor  
  26  5:12  SCV  
  30  5:24  SCV  
  31  5:35  Siege Tank  
  31  5:36  SCV  
  35  5:45  Supply Depot  
  35  5:49  SCV  
  36  6:00  Marine x2  
  38  6:08  Supply Depot  
  38  6:09  SCV  
  39  6:18  Liberator  
  39  6:20  Marine x2  
  39  6:21  SCV  
  42  6:39  Marine  
  43  6:44  SCV  
  44  6:56  SCV  
  45  7:11  Command Center  
  45  7:13  SCV  
  46  7:21  Medivac  
  48  7:27  Siege Tank  
  51  7:36  Barracks  
  51  7:37  Barracks Tech Lab  
  51  7:40  SCV  
  51  7:43  Supply Depot  
  52  7:52  SCV  
  53  8:04  SCV  
  53  8:05  Medivac  
  56  8:16  SCV  
  56  8:19  Barracks  
  57  8:20  Supply Depot, Engineering Bay  
  57  8:21  Factory Reactor  
  57  8:28  SCV  
  57  8:33  Marine  
  59  8:44  Starport Reactor  
  59  8:45  SCV  
  57  8:50  Orbital Command  
  57  8:58  Widow Mine x2  
  57  8:59  SCV  
  60  9:04  Refinery  
  60  9:06  Stimpack  
  60  9:12  SCV, Refinery  
  60  9:17  SCV  
  61  9:25  SCV  
  61  9:29  SCV, Supply Depot  
  61  9:30  Marine  
  64  9:37  SCV  
  65  9:38  Terran Infantry Weapons Level 1  
  66  9:45  SCV  
  66  9:46  Marine x2  
  66  9:47  Marine  
  66  9:50  SCV  
  66  9:51  Supply Depot x2  
  70  9:57  SCV  
  70  9:59  Missile Turret  
  71  10:02  SCV  
  72  10:09  SCV  
  72  10:14  SCV  
  74  10:22  Command Center, SCV  
  74  10:26  SCV  
  74  10:27  Marine  
  77  10:34  SCV  
  78  10:38  SCV  
  79  10:45  Marine  
  79  10:46  SCV  
  79  10:47  Widow Mine x2, Medivac x2  
  85  10:50  SCV  
  85  10:51  Supply Depot  
  86  10:58  SCV  
  86  11:02  SCV  
  86  11:03  Marine  
  86  11:04  Barracks  
  89  11:06  Barracks  
  89  11:08  Missile Turret  
  89  11:10  SCV  
  90  11:14  SCV  
  91  11:22  SCV  
  93  11:29  Marine x2, Marauder  
  93  11:30  Marauder  
  93  11:32  Medivac x2  
  100  11:38  Factory Reactor  
  102  11:40  Orbital Command  
  102  11:50  Marine  
  103  11:59  Armory  
  103  12:00  Engineering Bay  
  103  12:01  Ghost Academy  
  103  12:03  Marine  
  103  12:05  Barracks Tech Lab  
  103  12:07  Marine  
  105  12:09  Marine  
  105  12:11  Medivac x2  
  110  12:20  Marine  
  111  12:25  Marine  
  111  12:26  Marine, Marauder  
  111  12:28  Orbital Command  
  114  12:33  SCV  
  114  12:36  SCV  
  116  12:43  Supply Depot, Marauder  
  118  12:45  SCV  
  118  12:46  Supply Depot  
  118  12:47  Marine  
  118  12:48  SCV  
  121  12:55  SCV  
  121  12:58  Marine  
  122  12:59  Widow Mine x2  
  122  13:04  Marine  
  122  13:05  Marauder x2  
  132  13:13  Terran Infantry Weapons Level 2  
  132  13:14  Terran Infantry Armor Level 1  
  132  13:17  SCV  
  133  13:26  Marauder x2  
  137  13:32  SCV  
  138  13:43  Ghost  
  138  13:44  Marine  
  138  13:46  Personal Cloaking  
  138  13:47  Ghost, Marauder  
  138  13:48  SCV  
  146  13:51  Missile Turret  
  146  14:01  Terran Vehicle And Ship Armor Level 1  
  145  14:04  Refinery  
  145  14:06  Refinery  
  145  14:07  Command Center  
  145  14:08  Ghost  
  147  14:11  Ghost  
  149  14:19  Supply Depot  
  149  14:21  Supply Depot, Ghost  
  149  14:22  SCV  
  152  14:37  Ghost  
  148  14:40  Ghost  
  150  14:46  SCV  
  150  14:50  Ghost  
  153  15:04  Barracks x3  
  153  15:05  Ghost  
  155  15:08  Ghost  
  155  15:10  Terran Infantry Armor Level 2  
  157  15:16  SCV  
  157  15:18  Ghost  
  160  15:24  Command Center  
  160  15:26  Missile Turret  
  160  15:34  Marauder  
  162  15:37  Ghost  
  162  15:42  Medivac x2  
  168  15:47  Ghost  
  168  15:48  Factory Reactor  
  168  15:55  Ghost  
  166  16:00  Barracks Tech Lab  
  166  16:01  Barracks Tech Lab  
  166  16:03  Barracks Tech Lab  
  165  16:06  Ghost  
  165  16:09  SCV  
  168  16:15  Ghost  
  167  16:23  Ghost  
  159  16:27  Marine  
  159  16:28  Marauder  
  117  16:34  Ghost, Marine x2  
  117  16:35  Marauder  
  117  16:36  Marauder  
  117  16:39  Marine  
  106  16:44  Ghost  
  106  16:45  SCV, Marine  
  104  16:47  Missile Turret  
  104  16:49  Marauder  
  104  16:53  Marauder  
  108  16:54  SCV  
  108  16:56  Marauder  
  108  16:57  Marauder  
  101  17:03  Marauder  
  76  17:10  Marauder  
  76  17:13  Marauder  
  76  17:14  Marauder  
  76  17:18  Marauder  
Show
View Real Time Build Order
Export as new Build Order

ILLBdA Protoss - Winner!

Build Orders:  

Get SALT Encoding   

  12  0:00  Probe (Chrono Boost)  
  13  0:11  Probe (Chrono Boost)  
  14  0:20  Pylon  
  14  0:23  Probe (Chrono Boost)  
  15  0:33  Pylon  
  15  0:38  Probe (Chrono Boost)  
  16  0:51  Gateway  
  16  0:57  Gateway  
  16  1:05  Assimilator  
  16  1:15  Gateway  
  16  1:16  Probe (Chrono Boost)  
  17  1:26  Probe (Chrono Boost)  
  19  1:40  Cybernetics Core  
  19  1:46  Zealot x2 (Chrono Boost)  
  22  1:51  Probe  
  23  2:07  Zealot (Chrono Boost)  
  25  2:17  Adept (Chrono Boost)  
  25  2:21  Stalker (Chrono Boost)  
  25  2:22  Pylon  
  31  2:40  Stalker (Chrono Boost)  
  29  3:02  Stalker (Chrono Boost), Assimilator  
  29  3:04  Pylon  
  27  3:23  Adept (Chrono Boost)  
  31  3:34  Adept (Chrono Boost)  
  31  3:40  Forge  
  27  3:49  Probe  
  27  3:54  Stalker (Chrono Boost)  
  30  4:01  Probe  
  30  4:02  Warp Gate  
  31  4:08  Nexus  
  31  4:13  Probe (Chrono Boost)  
  31  4:16  Photon Cannon  
  32  4:25  Mothership Core (Chrono Boost)  
  34  4:44  Probe (Chrono Boost)  
  35  4:46  Pylon, Protoss Ground Armor Level 1  
  35  4:54  Probe (Chrono Boost)  
  38  5:05  Probe (Chrono Boost)  
  38  5:06  Robotics Facility  
  37  5:15  Probe (Chrono Boost)  
  37  5:20  Probe (Chrono Boost)  
  39  5:26  Probe (Chrono Boost)  
  40  5:30  Probe (Chrono Boost)  
  40  5:36  Probe (Chrono Boost)  
  40  5:41  Probe (Chrono Boost)  
  42  5:45  Pylon  
  42  5:47  Probe (Chrono Boost)  
  43  5:50  Probe (Chrono Boost)  
  43  5:54  Immortal (Chrono Boost)  
  48  5:58  Probe  
  48  6:00  Probe  
  50  6:06  Adept x2  
  50  6:07  Sentry  
  56  6:26  Assimilator  
  56  6:27  Assimilator  
  56  6:29  Observer (Chrono Boost), Pylon  
  55  6:41  Probe  
  60  6:48  Immortal (Chrono Boost)  
  60  6:51  Probe  
  61  6:57  Zealot x2  
  61  7:01  Pylon  
  65  7:02  Pylon  
  64  7:13  Sentry  
  66  7:17  Adept x2, Pylon  
  66  7:22  Immortal (Chrono Boost)  
  74  7:24  Pylon  
  74  7:40  Stalker x3  
  80  7:49  Pylon  
  80  7:56  Immortal (Chrono Boost)  
  84  8:06  Sentry x2  
  84  8:07  Adept  
  84  8:10  Probe  
  91  8:14  Pylon  
  91  8:24  Gateway  
  90  8:35  Stalker x3  
  92  8:49  Probe  
  93  8:57  Immortal (Chrono Boost)  
  93  9:01  Probe  
  93  9:02  Adept x2  
  102  9:10  Sentry  
  102  9:14  Gateway  
  100  9:17  Probe  
  101  9:27  Twilight Council  
  101  9:28  Sentry x2  
  105  9:33  Pylon  
  105  9:37  Sentry  
  107  9:43  Probe, Observer  
  109  9:48  Probe  
  110  9:55  Probe, Adept x2  
  115  10:03  Resonating Glaives (Chrono Boost)  
  115  10:09  Probe  
  116  10:15  Templar Archives  
  116  10:17  Zealot x3  
  122  10:21  Sentry  
  122  10:25  Immortal  
  127  10:55  Probe, Psionic Storm  
  128  10:58  Zealot x3  
  134  11:05  Pylon  
  134  11:25  Pylon  
  134  11:27  Pylon  
  134  11:32  Adept  
  136  11:35  Nexus  
  136  11:39  High Templar x2  
  140  11:49  Adept x2  
  140  11:52  Archon  
  145  12:01  Probe  
  145  12:05  Pylon  
  145  12:09  Adept  
  145  12:14  Probe  
  148  12:17  Protoss Ground Armor Level 2 (Chrono Boost)  
  148  12:19  Probe  
  148  12:21  Immortal (Chrono Boost)  
  153  12:24  High Templar  
  153  12:26  Probe  
  154  12:31  Probe  
  154  12:33  High Templar  
  157  12:38  Probe  
  157  12:43  Probe  
  159  12:49  High Templar  
  159  12:50  Probe  
  162  12:51  Pylon  
  162  12:53  Pylon  
  162  12:56  Adept  
  164  13:01  Probe  
  164  13:02  Probe  
  164  13:04  Probe  
  165  13:06  Assimilator  
  165  13:07  Assimilator  
  165  13:12  Probe  
  165  13:15  Charge (Chrono Boost)  
  165  13:16  Zealot  
  165  13:17  Zealot  
  170  13:30  Gateway  
  170  13:32  Gateway  
  168  13:35  Gateway x2  
  168  13:41  High Templar  
  168  13:42  High Templar  
  172  13:50  Zealot  
  174  14:05  Pylon  
  174  14:10  High Templar  
  174  14:13  Gateway  
  174  14:14  Gateway  
  174  14:15  Gateway  
  174  14:16  Gateway  
  176  14:21  Dark Shrine  
  166  14:39  Photon Cannon  
  166  14:43  Zealot x4  
  166  14:44  Zealot x3  
  180  14:48  Probe  
  180  14:49  Probe x2  
  183  14:54  Pylon  
  183  14:58  Probe  
  183  15:01  Probe x2, Observer  
  187  15:08  Zealot x2  
  187  15:09  Zealot  
  187  15:13  Probe  
  194  15:14  Pylon  
  194  15:18  Zealot  
  196  15:27  Blink (Chrono Boost)  
  196  15:28  Protoss Ground Armor Level 3  
  196  15:57  Dark Templar x2  
  198  16:09  Zealot  
  172  16:32  Archon  
  154  16:33  Observer, Archon  
  154  16:37  Zealot x5  
  154  16:38  Zealot x6  
  146  16:52  Observer  
  147  17:02  Zealot  
  147  17:03  Zealot x6  
  156  17:10  Observer  
  156  17:27  Immortal  
  156  17:30  Gateway x2  
  156  17:32  Pylon x2  
  156  17:37  Gateway  
  156  17:40  Gateway  
  156  17:41  Gateway  
  156  18:03  Observer  
  156  18:32  Dark Templar x4  
  156  18:33  Dark Templar x5  
  156  18:34  Dark Templar  
  156  18:37  Archon  
  156  18:46  Archon  
  156  18:47  Archon x3  
  156  18:54  High Templar  
  156  18:55  High Templar x5  
  156  18:58  Archon  
  156  18:59  Archon x2  
  156  19:11  Stalker  
  156  19:52  Nexus  
  156  19:54  Probe x3, Nexus  
  156  20:04  Nexus  
  156  20:06  Probe  
  156  20:09  Nexus  
Tags
 
Matchup
PvT
Opening
1/1/1
Replay Pack
me
Add a new tag
Caveats
  • Supply blocks, unpowered buildings, or Contaminate may cause inaccurate times.
  • Supply counts are checked every 10 seconds.